Map: Curious Minds LE

Players

HappyBob - Winner!

  • Race: Protoss Protoss
  • League: Platinum

Pandemic

  • Race: Terran Terran
  • League: Platinum

VOD

Have the link to the VOD?

Description

Time

  • Played on: Oct. 21, 2021, 6:59 p.m.
  • Length: 13:18
Show
View Real Time Build Order
Export as new Build Order

HappyBob Protoss - Winner!

Build Orders:  

Get SALT Encoding   

  12  0:02  Probe  
  14  0:14  Probe  
  14  0:23  Pylon  
  14  0:45  Gateway x2  
  14  0:51  Probe  
  15  1:05  Pylon  
  15  1:08  Probe  
  16  1:13  Assimilator  
  16  1:21  Probe  
  17  1:30  Pylon  
  17  1:33  Probe, Assimilator  
  18  1:41  Zealot  
  18  1:45  Probe  
  21  1:55  Cybernetics Core  
  21  2:13  Probe  
  22  2:22  Gateway  
  22  2:26  Probe  
  23  2:38  Probe, Robotics Facility  
  24  2:46  Stalker (Chrono Boost)  
  24  2:50  Probe  
  27  2:58  Warp Gate  
  29  2:59  Stalker (Chrono Boost)  
  29  3:18  Stalker (Chrono Boost)  
  31  3:39  Immortal  
  33  3:45  Stalker (Chrono Boost)  
  33  3:48  Stalker (Chrono Boost)  
  37  4:08  Stalker  
  39  4:15  Gateway  
  39  4:16  Gateway  
  35  4:31  Forge  
  35  4:33  Observer, Pylon  
  36  4:54  Immortal  
  36  4:57  Pylon  
  36  5:16  Robotics Facility  
  36  5:17  Stalker x2  
  40  5:30  Protoss Ground Weapons Level 1 (Chrono Boost)  
  40  5:40  Observer  
  40  5:43  Observer  
  40  6:01  Nexus  
  40  6:16  Stalker x2  
  44  6:22  Probe  
  45  6:27  Assimilator  
  43  6:34  Probe  
  44  6:46  Probe  
  45  6:57  Shield Battery x2  
  45  6:58  Probe  
  48  7:11  Immortal  
  50  7:28  Probe  
  51  7:38  Robotics Bay, Observer  
  51  7:40  Probe  
  51  7:42  Stalker x2  
  55  7:52  Probe  
  54  8:04  Probe  
  55  8:16  Probe  
  55  8:23  Colossus x2 (Chrono Boost)  
  67  8:29  Extended Thermal Lance (Chrono Boost)  
  67  8:31  Probe  
  68  8:43  Probe  
  68  8:44  Photon Cannon  
  69  8:55  Probe  
  70  9:14  Assimilator  
  70  9:29  Observer  
  70  9:52  Pylon  
  70  9:53  Pylon  
  70  9:55  Pylon  
  70  9:56  Pylon  
  70  9:58  Photon Cannon  
  70  10:10  Immortal x2  
  70  10:11  Probe  
  70  10:12  Zealot x2  
  70  10:13  Zealot, Stalker  
  87  10:14  Stalker  
  89  10:23  Probe  
  70  10:35  Probe  
  65  10:47  Probe  
  66  10:52  Stalker x2  
  66  10:55  Colossus x2 (Chrono Boost)  
  82  11:00  Probe  
  83  11:07  Stalker x3  
  89  11:12  Probe  
  88  11:23  Observer x2  
  88  11:24  Probe  
  89  11:27  Stalker  
  89  11:28  Stalker  
  91  11:59  Zealot x2  
  91  12:00  Zealot, Stalker x2  
  99  12:42  Pylon  
  99  12:43  Pylon  
  99  12:44  Pylon  
Show
View Real Time Build Order
Export as new Build Order

Pandemic Terran 

Build Orders: Reaper Expand 

Get SALT Encoding   

  12  0:00  SCV  
  13  0:12  SCV  
  14  0:16  Supply Depot  
  14  0:24  SCV  
  15  0:38  SCV  
  15  0:40  Barracks  
  16  0:44  Refinery  
  16  0:50  SCV  
  17  1:02  SCV  
  18  1:14  SCV  
  19  1:28  Orbital Command  
  19  1:30  Reaper  
  20  1:42  Command Center  
  20  1:55  SCV  
  21  2:07  SCV  
  22  2:10  Barracks Reactor  
  22  2:14  Supply Depot  
  22  2:19  SCV  
  23  2:23  Factory  
  23  2:36  SCV  
  24  2:40  Bunker  
  24  2:48  SCV  
  25  2:58  Bunker  
  25  3:00  Marine x2  
  25  3:01  SCV  
  27  3:08  Factory Tech Lab  
  27  3:11  Widow Mine  
  29  3:13  SCV, Starport  
  29  3:15  Refinery  
  29  3:16  Orbital Command  
  29  3:25  SCV  
  29  3:37  SCV  
  29  3:41  Marine x2  
  32  3:49  SCV  
  32  3:50  Barracks  
  32  3:53  Barracks  
  33  3:59  SCV  
  33  4:02  SCV  
  35  4:07  Factory Tech Lab  
  35  4:08  Starport Tech Lab  
  35  4:09  Marine x2  
  36  4:14  SCV x2  
  38  4:27  Marine x2  
  38  4:28  Siege Tank  
  43  4:33  SCV  
  43  4:36  SCV  
  45  4:38  Starport Reactor  
  45  4:45  Marine  
  46  4:49  Supply Depot x2  
  46  4:51  Supply Depot  
  46  4:58  Stimpack  
  46  4:59  Barracks Tech Lab  
  46  5:02  Marine  
  46  5:05  Marine  
  46  5:06  SCV x2  
  46  5:07  Supply Depot  
  46  5:11  Supply Depot x2  
  45  5:18  SCV, Marine  
  46  5:27  SCV  
  46  5:29  Medivac, Marine x2  
  46  5:31  SCV  
  46  5:35  Refinery  
  50  5:36  Marauder  
  50  5:39  SCV  
  50  5:40  Marine  
  50  5:42  Combat Shield  
  54  5:43  SCV  
  54  5:44  Supply Depot  
  54  5:46  Marine  
  56  5:51  SCV  
  56  5:55  Refinery, SCV  
  56  5:56  Siege Tank  
  61  5:57  Marauder  
  63  6:08  Supply Depot  
  61  6:12  SCV, Command Center  
  61  6:13  SCV  
  61  6:20  Engineering Bay  
  61  6:21  Marine x2  
  61  6:24  Marauder  
  61  6:25  Marauder, SCV x2  
  69  6:30  Supply Depot  
  69  6:37  SCV x2  
  69  6:38  Concussive Shells  
  71  6:49  SCV x2  
  71  6:50  Missile Turret  
  73  7:00  Marine x2  
  73  7:01  Marauder, SCV, Marine  
  79  7:02  SCV  
  79  7:05  Terran Infantry Weapons Level 1  
  80  7:13  SCV  
  80  7:14  SCV  
  82  7:19  Marauder, Missile Turret  
  86  7:23  Marauder  
  86  7:24  Medivac x2  
  86  7:25  SCV  
  91  7:30  SCV  
  91  7:31  Marine x2  
  91  7:36  Supply Depot  
  94  7:37  SCV  
  94  7:40  Marauder  
  94  7:42  Widow Mine  
  94  7:43  Marine  
  100  7:47  SCV  
  100  7:48  Orbital Command  
  100  7:49  Marine  
  101  7:54  Medivac x2  
  100  8:03  Supply Depot  
  100  8:06  Marauder x2  
  100  8:07  Marine x2  
  106  8:23  Orbital Command  
  106  8:25  Marine x2  
  109  8:27  SCV x2  
  109  8:28  Marauder x2  
  114  8:37  Supply Depot  
  114  8:39  Barracks  
  114  8:40  Barracks  
  114  8:42  Marine  
  114  8:43  Marine  
  116  8:49  Marauder, Marine  
  109  8:58  SCV  
  109  8:59  Supply Depot, SCV x2  
  109  9:00  Marine  
  113  9:07  Marine x2  
  115  9:10  Refinery, Marine, SCV  
  115  9:11  SCV  
  115  9:14  Refinery  
  118  9:18  Sensor Tower, Marine  
  118  9:21  Terran Infantry Armor Level 1  
  118  9:23  Armory  
  119  9:25  Marauder, Marine  
  119  9:27  Widow Mine  
  119  9:28  Supply Depot, Marine  
  119  9:30  SCV  
  126  9:32  Medivac x2  
  126  9:36  Marine  
  131  9:43  Barracks Tech Lab, Marine  
  131  9:44  Barracks Reactor  
  131  9:45  SCV  
  133  9:46  Marauder  
  133  9:47  Marauder  
  133  9:51  Supply Depot  
  137  9:59  SCV x3  
  140  10:02  Medivac x2, Command Center  
  140  10:05  Barracks  
  144  10:07  Marine x4  
  144  10:08  Marine  
  144  10:11  Barracks  
  144  10:13  SCV x3  
  152  10:18  Terran Vehicle And Ship Armor Level 1, Supply Depot  
  152  10:21  Supply Depot  
  152  10:25  SCV x3  
  150  10:30  Marine x6  
  150  10:32  Marauder  
  134  10:38  Viking  
  134  10:41  Supply Depot  
  123  10:44  Supply Depot  
  117  10:53  Barracks Reactor  
  117  10:54  SCV  
  117  10:56  Viking  
  118  10:57  SCV  
  118  11:03  Barracks Reactor  
  118  11:04  SCV  
  119  11:08  Viking  
  119  11:10  Marine x2  
  119  11:11  Marine x3  
  125  11:15  Starport  
  116  11:19  Sensor Tower  
  116  11:22  Orbital Command  
  110  11:26  Viking  
  112  11:38  Viking  
  111  11:42  Supply Depot  
  110  11:49  Supply Depot  
  110  11:51  Barracks  
  110  11:52  Barracks  
  107  12:01  Starport Reactor  
  88  12:22  Marine x7  
  52  12:28  SCV  
  57  12:30  SCV  
  58  12:40  Marine x7  
  58  12:44  SCV x3  
  68  12:53  Marine x2  
  68  12:56  SCV  
  68  12:58  Marine x7  
Tags
 
Add a new tag
Caveats
  • Supply blocks, unpowered buildings, or Contaminate may cause inaccurate times.
  • Supply counts are checked every 10 seconds.